 Dungeon Crawl Stone Soup version 0.31.0-12-g77e489cdc1 (webtiles) character file.

Game seed: 12723872166599013605

136 spaghetti the Ruffian (level 5, -5/73 HPs)
             Began as a Naga Berserker on Mar 2, 2024.
             Was a Believer of Trog.
             Slain by an orc warrior
             ... wielding a +0 battleaxe
              (17 damage)
             ... on level 3 of the Dungeon.
             The game lasted 00:02:57 (2532 turns).

spaghetti the Ruffian (Naga Berserker)              Turns: 2532, Time: 00:02:58

Health: -5/73      AC:  2    Str: 22    XL:     5   Next: 19%
Magic:  5/5        EV:  9    Int:  7    God:    Trog [**....]
Gold:   122        SH:  0    Dex: 10    Spells: 4/4 levels left

rFire   . .          .
                       - Unarmed
rCold   . . .        (no shield)
rNeg    . . .        a - +0 animal skin
rPois   +            (no helmet)
rElec   .            (no cloak)
rCorr   .            (no gloves)
SInv    +            (no barding)
Will    ++...        (no amulet) Stlth
                     (no ring)
HPRegen 1.32/turn    (no ring)
MPRegen 0.09/turn

%: no passive effects
@: berserking (expiring), strong-willed, regenerating, quick
A: AC +1, large, see invisible, deformed body, poison resistance, slowness 2,
spit poison 1, naga tail 1
a: Spit Poison, Renounce Religion, Berserk, Trog's Hand


You were on level 3 of the Dungeon.
You worshipped Trog.
Trog was pleased with you.
You visited 1 branch of the dungeon, and saw 3 of its levels.

You collected 122 gold pieces.

Inventory:

Armour
 a - a +0 animal skin (worn)
Talismans
 g - a beast talisman
Scrolls
 c - a scroll of teleportation
 e - a scroll of identify
 h - a scroll of amnesia
Potions
 b - a potion of cancellation
 d - a potion of attraction


   Skills:
 - Level 3.0 Fighting
 - Level 1.5 Armour
 - Level 1.5 Dodging
 + Level 5.2 Unarmed Combat
 + Level 1.6 Shapeshifting


You had 4 spell levels left.
You didn't know any spells.
Your spell library was empty.

Dungeon Overview and Level Annotations

Branches:
Dungeon (3/15)

Altars:
Qazlal

Annotations:
D:3 2 transporters, jimmypageman's ghost, amateur MiFi


Innate Abilities, Weirdness & Mutations

Your serpentine skin is tough. (AC +1)
You have supernaturally acute eyesight. (SInv)
Armour fits poorly on your strangely shaped body.
Your system is resistant to poisons. (rPois)
You cover ground very slowly.
You can spit poison.
You have a snake-like lower body.


Message History

The endoplasm closely misses you.
A red film seems to cover your vision as you go berserk!
You feel yourself moving faster!
You feel mighty! The endoplasm freezes you.
You are frozen.
You completely miss the endoplasm. The endoplasm freezes you.
You are frozen.
You hit the endoplasm.
The endoplasm is almost dead.
You hit the endoplasm.
You kill the endoplasm!
Trog accepts your kill.
You barely miss the orc. You barely miss the orc. The orc closely misses you.
You closely miss the orc. You punch the orc!
You kill the orc!
Trog accepts your kill.
You hit the orc warrior.
The orc warrior is moderately wounded.
The orc warrior hits you with a +0 battleaxe!!
You hit the orc warrior.
The orc warrior is moderately wounded.
You hit the orc warrior.
The orc warrior is heavily wounded.
The orc warrior hits you with a +0 battleaxe!
You hit the orc warrior.
The orc warrior is heavily wounded.
The orc warrior hits you with a +0 battleaxe!!
* * * LOW HITPOINT WARNING * * *
You hear a shout!
You barely miss the orc warrior.
The orc warrior is heavily wounded.
Unknown command.
You closely miss the orc warrior.
The orc warrior is heavily wounded.
An orc comes into view. It is wielding a +0 whip.
The orc warrior hits you with a +0 battleaxe!
You die...

########### #.†.......####
#.##...##.#.. #.##...##@#.#
#.##...##o#'## #.##)..##oo..#
#.##...##.........
#.###.###......... ##### #.#
#.# #....##### #...## #.# #.#
#....#### .....###.# #.#
#.#... ..#+###
......##.#######.######..÷..#


You could see an orc warrior, an orc wizard and an orc.

Vanquished Creatures
  An orc priest (D:3)
  3 adders (D:3)
  2 dart slugs
  4 orcs (D:3)
  6 bats
  4 endoplasms
  2 giant cockroaches
  7 goblins
  8 hobgoblins
  4 jackals (D:1)
  3 quokkas
  5 ball pythons
  5 frilled lizards
  9 kobolds
  5 rats
68 creatures vanquished.

Notes
Turn   | Place    | Note
-------+----------+-------------------------------------------
     0 | D:1      | spaghetti the Naga Berserker began the quest for the Orb.
     0 | D:1      | Reached XP level 1. HP: 21/21 MP: 1/1
    98 | D:1      | Reached XP level 2. HP: 28/28 MP: 2/2
   439 | D:1      | Reached skill level 4 in Unarmed Combat
   519 | D:1      | Reached XP level 3. HP: 23/34 MP: 3/3
   697 | D:1      | Reached ** piety under Trog
  1889 | D:3      | Reached XP level 4. HP: 42/42 MP: 4/4
  1907 | D:3      | Noticed an orc warrior
  2345 | D:3      | Noticed jimmypageman's ghost (amateur MiFi)
  2346 | D:3      | Identified the +1 dire flail "Woolua" {vamp, *Noise Fly
                  | Str+4 Int+4}
  2346 | D:3      | Noticed an ogre
  2347 | D:3      | Found a transporter.
  2371 | D:3      | Found a transporter.
  2380 | D:3      | Found a stormy altar of Qazlal.
  2384 | D:3      | Reached skill level 5 in Unarmed Combat
  2426 | D:3      | Reached skill level 1 in Shapeshifting
  2429 | D:3      | Reached XP level 5. HP: 49/49 MP: 5/5
  2532 | D:3      | Slain by an orc warrior

Illustrated notes

Levels and vault maps discovered:
D:1:      matt_arrival_los_fun, layout_basic
D:2:      layout_loops_corners, minmay_tetromino_i4
D:3:      layout_basic, lemuel_round_altar, gammafunk_ghost_smash,
          chequers_jeans

Skill      XL: |  1  2  3  4 |
---------------+-------------+-----
Unarmed Combat | 4 5 |  5.2
Shapeshifting  | 1 |  1.6
Fighting       | |  3.0
Armour         | |  1.5
Dodging        | |  1.5

Action                     |  1- 3 |  4- 6 || total
---------------------------+-------+-------++-------
  Melee: Unarmed           |    82 |    53 ||   135
         Punch             |     1 |       ||     1
 Invoke: Berserk           |     1 |     3 ||     4
         Trog's Hand       |       |     2 ||     2
Ability: Spit Poison       |    34 |    12 ||    46
    Use: Scroll            |     5 |     1 ||     6
         Potion            |       |     1 ||     1
 Armour: Animal skin       |    52 |    50 ||   102
  Dodge: Dodged            |    46 |    15 ||    61
